[Event "Late-Titled-Tuesday-Blitz-January-30-2024"]
[Site "Chess.com"]
[Date "2024.01.30"]
[Round "1"]
[White "Kacparov"]
[Black "j_coca"]
[Result "1-0"]
[WhiteElo "2933"]
[BlackElo "2510"]
[TimeControl "180+1"]
[EndTime "14:01:43 PST"]
[Termination "Kacparov won by resignation"]

1. e4 g6 2. d4 Bg7 3. Nc3 d6 4.
f4 Nc6 5. Nf3 Bg4 6. d5 Nd4 7.
Be3 Bxf3 8. gxf3 e5 9. dxe6 Nxe6 10. Qd2 Ne7 11. h4 Nc6 12. h5 Ned4 13. Bg2 a6 14.
O-O-O Nb5 15. Nd5 Ne7 16. h6 Nxd5 17. hxg7 1-0

[Event "Late-Titled-Tuesday-Blitz-January-30-2024"]
[Site "Chess.com"]
[Date "2024.01.30"]
[Round "1"]
[White "MrTattaglia"]
[Black "Pingah9"]
[Result "1-0"]
[WhiteElo "2971"]
[BlackElo "2519"]
[TimeControl "180+1"]
[EndTime "14:02:06 PST"]
[Termination "MrTattaglia won by resignation"]

1. e4 b6 2. d4 Bb7 3. Nc3 e6 4. Bd3 d5 5. Nge2 Nf6 6. e5 Nfd7 7. O-O c5 8. Nf4 cxd4 9. Nxe6 fxe6 10. Qh5+ g6 11. Bxg6+ hxg6 12. Qxg6+ Ke7 13. Bg5+ 1-0

[Event "Late-Titled-Tuesday-Blitz-January-30-2024"]
[Site "Chess.com"]
[Date "2024.01.30"]
[Round "1"]
[White "GMKrikor"]
[Black "ATM622"]
[Result "1-0"]
[WhiteElo "2811"]
[BlackElo "2465"]
[TimeControl "180+1"]
[EndTime "14:02:40 PST"]
[Termination "GMKrikor won by resignation"]

1. Nf3 Nf6 2. c4 e6 3. Nc3 d5 4. cxd5 exd5 5. d4 Be7 6. Bf4 O-O 7. e3 c6 8. Bd3 Bg4 9. Qb3 Qb6 10. Ne5 Be6 11. Qc2 c5 12. dxc5 Bxc5 13. O-O Na6 14.
Na4 Qa5 15. Bxa6 Rac8 16. Bxb7 Rc7 17. Nc6 Rxc6 18. Bxc6 1-0

[Event "Late-Titled-Tuesday-Blitz-January-30-2024"]
[Site "Chess.com"]
[Date "2024.01.30"]
[Round "1"]
[White "Revan_2002"]
[Black "annacramling"]
[Result "0-1"]
[WhiteElo "2552"]
[BlackElo "2107"]
[TimeControl "180+1"]
[EndTime "14:02:47 PST"]
[Termination "annacramling won by resignation"]

1. Nf3 d6 2. d4 e6 3. c4 Nd7 4. g3 Ne7 5. Bg2 Ng6 6. O-O Nb6 7. b3 Be7 8. Nc3 O-O 9. Bb2 e5 10. e4 exd4 11. Nxd4 Bf6 12. Nf5 Bxf5 13. exf5 Ne7 14. Bxb7 Rb8 15. Be4 Nxc4 16. bxc4 Rxb2 17. Qd3 g6 18. fxg6 0-1

[Event "Late-Titled-Tuesday-Blitz-January-30-2024"]
[Site "Chess.com"]
[Date "2024.01.30"]
[Round "1"]
[White "tigurones"]
[Black "Genghis_K"]
[Result "0-1"]
[WhiteElo "2475"]
[BlackElo "2839"]
[TimeControl "180+1"]
[EndTime "14:02:56 PST"]
[Termination "Genghis_K won by resignation"]

1. d4 Nf6 2. c4 e6 3. Nc3 d5 4.
Bg5 dxc4 5. e3 c5 6. Bxc4 cxd4 7.
Qxd4 Qxd4 8. exd4 Bb4 9. a3 Ba5 10. Bxf6 gxf6 11. Nf3 Bd7 12. Ke2 Nc6 13. d5 Ne7 14. dxe6 fxe6 15. Rac1 Rc8 16. Nb5 0-1

[Event "Late-Titled-Tuesday-Blitz-January-30-2024"]
[Site "Chess.com"]
[Date "2024.01.30"]
[Round "1"]
[White "MBA_CHESS_2021"]
[Black "wqws"]
[Result "0-1"]
[WhiteElo "2252"]
[BlackElo "2607"]
[TimeControl "180+1"]
[EndTime "14:03:04 PST"]
[Termination "wqws won by resignation"]

1. e4 e5 2. Nf3 Nc6 3. Bc4 Nf6 4. d3 Be7 5. O-O O-O 6. Nc3 d6 7. h3 h6 8. Be3 Nh7 9. a3 Ng5 10.
Nxg5 Bxg5 11. Qh5 Be6 12. Nd5 Bxe3 13. fxe3 Kh8 14. Rf3 Ne7 15. Raf1 Bxd5 16. exd5 f5 17. d4 0-1

[Event "Late-Titled-Tuesday-Blitz-January-30-2024"]
[Site "Chess.com"]
[Date "2024.01.30"]
[Round "1"]
[White "SHIVACalypso"]
[Black "Franmu14"]
[Result "1-0"]
[WhiteElo "2451"]
[BlackElo "2737"]
[TimeControl "180+1"]
[EndTime "14:03:08 PST"]
[Termination "SHIVACalypso won by resignation"]

1. Nf3 d5 2. c4 e6 3. g3 Nf6 4.
Bg2 c5 5. cxd5 exd5 6. O-O Be6 7.
b3 d4 8. Bb2 Nc6 9. d3 Be7 10.
Nbd2 O-O 11. Rc1 Re8 12. Nc4 Rc8 13. Nfe5 Bd5 14. Nxc6 Rxc6 15. Bxd5 Nxd5 16. a3 Bf8 17. Qd2 h5 18. e4 dxe3 19. fxe3 h4 20. e4 Nc7 21. Ne5 Rf6 22. Rxf6 gxf6 23. Ng4 Bg7 24. Rf1 hxg3 25. hxg3 Re6 26. Nh6+ Bxh6 27. Qxh6 Ne8 28.
Rf4 1-0

[Event "Late-Titled-Tuesday-Blitz-January-30-2024"]
[Site "Chess.com"]
[Date "2024.01.30"]
[Round "1"]
[White "dcremisi"]
[Black "JonasGallasch"]
[Result "1-0"]
[WhiteElo "2645"]
[BlackElo "2338"]
[TimeControl "180+1"]
[EndTime "14:03:15 PST"]
[Termination "dcremisi won by resignation"]

1. d4 Nf6 2. c4 g6 3. Nc3 d5 4.
cxd5 Nxd5 5. e4 Nxc3 6. bxc3 Bg7 7. Nf3 c5 8. Rb1 O-O 9. Be2 cxd4 10. cxd4 Qa5+ 11.
Qd2 Qxd2+ 12. Bxd2 Nc6 13. d5 Nd4 14. Nxd4 Bxd4 15.
O-O b6 16. Rfc1 e6 17. Bb4 Rd8 18. Bb5 Bd7 19. Be7 Re8 20. d6 Bxb5 21. Rxb5 Bc5 22. e5 Rab8 23. Kf1 f5 24. Rcxc5 bxc5 25. Rxb8 Rxb8 26. d7 1-0

[Event "Late-Titled-Tuesday-Blitz-January-30-2024"]
[Site "Chess.com"]
[Date "2024.01.30"]
[Round "1"]
[White "Pawngobblerx2000"]
[Black "SpeedofLight0"]
[Result "0-1"]
[WhiteElo "2525"]
[BlackElo "3013"]
[TimeControl "180+1"]
[EndTime "14:03:19 PST"]
[Termination "SpeedofLight0 won by checkmate"]

1. c4 Nc6 2. g3 e5 3. Bg2 Bc5 4. Nc3 d6 5. e3 a6 6. Nge2 Nge7 7. O-O O-O 8. d4 Ba7 9. h3 f5 10. a3 Kh8 11. b4 Bd7 12. c5 Qe8 13. Bb2 Rd8 14.
cxd6 cxd6 15. d5 Nb8 16. Kh2 Bc8 17. Qd2 Nd7 18. e4 Nf6 19. exf5 Bxf5 20. f4 Qh5 21.
Rae1 Ng4+ 22. Kh1 Ne3 23. Kh2 Nxg2 24. Kxg2 Qxh3+ 25. Kf3 e4+ 26. Nxe4 Bg4# 0-1

[Event "Late-Titled-Tuesday-Blitz-January-30-2024"]
[Site "Chess.com"]
[Date "2024.01.30"]
[Round "1"]
[White "santosalberto1987"]
[Black "Msb2"]
[Result "0-1"]
[WhiteElo "2525"]
[BlackElo "3002"]
[TimeControl "180+1"]
[EndTime "14:03:21 PST"]
[Termination "Msb2 won by resignation"]

1. e4 e6 2. d4 d5 3. Nc3 Nf6 4. e5 Nfd7 5. Nce2 c5 6. c3 Nc6 7.
Nf3 Be7 8. a3 O-O 9. Nf4 Qa5 10. Bd3 Nxd4 11. Nxd4 cxd4 12. O-O Nxe5 13. Bxh7+ Kxh7 14. Qh5+ Kg8 15. Qxe5 Bf6 16. Qe2 dxc3 17.
bxc3 Qxc3 18. Rb1 Qe5 19. Qf3 Qe4 20. Qxe4 dxe4 21. Be3 b6 22. Rfc1 Ba6 23. a4 Rfc8 24. a5 bxa5 25. Rxc8+ Rxc8 26. Bxa7 a4 27. h3 a3 0-1

[Event "Late-Titled-Tuesday-Blitz-January-30-2024"]
[Site "Chess.com"]
[Date "2024.01.30"]
[Round "1"]
[White "Sanan_Sjugirov"]
[Black "Talcrifice"]
[Result "1-0"]
[WhiteElo "2992"]
[BlackElo "2524"]
[TimeControl "180+1"]
[EndTime "14:03:21 PST"]
[Termination "Sanan_Sjugirov won by resignation"]

1. e4 e5 2. Nf3 Nc6 3. Bb5 a6 4. Ba4 Nf6 5. O-O Be7 6. Re1 b5 7. Bb3 O-O 8. a4 b4 9. d4 d6 10.
dxe5 Nxe5 11. Nbd2 Bb7 12. Nxe5 dxe5 13. Qe2 Bc5 14.
Nc4 Qe7 15. Bg5 h6 16. Bh4 g5 17. Bg3 Nxe4 18. Nxe5 Nxg3 19. hxg3 Bd6 20. Nxf7 Qxe2 21. Nxd6+ Kg7 22. Rxe2 1-0

[Event "Late-Titled-Tuesday-Blitz-January-30-2024"]
[Site "Chess.com"]
[Date "2024.01.30"]
[Round "1"]
[White "Sl4werThanYou"]
[Black "RichardShtivelband"]
[Result "1-0"]
[WhiteElo "2626"]
[BlackElo "2303"]
[TimeControl "180+1"]
[EndTime "14:03:25 PST"]
[Termination "Sl4werThanYou won by resignation"]

1. d4 d5 2. c4 c6 3. Nf3 Nf6 4. Nc3 dxc4 5. g3 h6 6. Bg2 Bf5 7. O-O e6 8. Ne5 Nbd7 9. Nxc4 Be7 10. Bf4 Nb6 11. Ne5 O-O 12. e4 Bh7 13. Re1 c5 14. d5 exd5 15. exd5 Bd6 16. a4 Re8 17. a5 Nc8 18. a6 b6 19. Nb5 Bxe5 20. Bxe5 Qd7 21. Nc7 Rxe5 22. Rxe5 Qxc7 23. d6 1-0

[Event "Late-Titled-Tuesday-Blitz-January-30-2024"]
[Site "Chess.com"]
[Date "2024.01.30"]
[Round "1"]
[White "Bryanl106"]
[Black "miraitrunks"]
[Result "1-0"]
[WhiteElo "2575"]
[BlackElo "2133"]
[TimeControl "180+1"]
[EndTime "14:03:28 PST"]
[Termination "Bryanl106 won by resignation"]

1. e4 c5 2. Nf3 Nc6 3. d4 cxd4 4. Nxd4 e5 5. Nb5 a6 6. Nd6+ Bxd6 7. Qxd6 Qf6 8. Qd1 Nge7 9. Nc3 O-O 10. Bc4 b5 11. Bb3 b4 12. Ne2 Na5 13. O-O Nxb3 14. axb3 Bb7 15.
Ng3 d5 16. exd5 Nxd5 17. Qe1 Rfe8 18. Ne4 Qg6 19. f3 Rac8 20. Qf2 Nf4 21. Bxf4 exf4 22. Nc5 Bc6 23. Rxa6 Qf5 24. Nd3 Bb5 25. Ra5 Qd7 26.
Rd1 Qe7 27. Rxb5 1-0

[Event "Late-Titled-Tuesday-Blitz-January-30-2024"]
[Site "Chess.com"]
[Date "2024.01.30"]
[Round "1"]
[White "lachesisQ"]
[Black "rdarruda"]
[Result "1-0"]
[WhiteElo "3110"]
[BlackElo "2539"]
[TimeControl "180+1"]
[EndTime "14:03:30 PST"]
[Termination "lachesisQ won by resignation"]

1. e4 c5 2. Nf3 Nc6 3. d4 cxd4 4.
Nxd4 e5 5. Nb5 a6 6. Nd6+ Bxd6 7. Qxd6 Qe7 8. Qxe7+ Ngxe7 9. Bd2 d5 10. exd5 Nxd5 11. Nc3 Be6 12. Nxd5 Bxd5 13. O-O-O O-O-O 14. b3 f5 15. Bc3 Rhe8 16. Be2 g6 17. f3 e4 18. f4 Kc7 19. a4 a5 20. g3 b6 21. Kb2 Rd7 22.
Bb5 Re6 23. Rhe1 Rd8 24. Rd2 Na7 25. Red1 Nxb5 26. axb5 1-0

[Event "Late-Titled-Tuesday-Blitz-January-30-2024"]
[Site "Chess.com"]
[Date "2024.01.30"]
[Round "1"]
[White "NovakRatko"]
[Black "Korchmar_Vasiliy"]
[Result "0-1"]
[WhiteElo "2407"]
[BlackElo "2706"]
[TimeControl "180+1"]
[EndTime "14:03:31 PST"]
[Termination "Korchmar_Vasiliy won by resignation"]

1. d4 d5 2. c4 c6 3. cxd5 cxd5 4. Nc3 Nf6 5. f3 Nc6 6. e4 dxe4 7. d5 Ne5 8. fxe4 g6 9. Qd4 Nfd7 10. Bf4 Bg7 11.
Qd2 O-O 12. Nf3 Nxf3+ 13. gxf3 Ne5 14. Be2 Bh3 15. Rg1 Rc8 16. Bh6 Bxh6 17. Qxh6 Qb6 18. O-O-O Bd7 19. h4 Qf2 20. Rdf1 Qxe2 21. h5 Nd3+ 0-1

[Event "Late-Titled-Tuesday-Blitz-January-30-2024"]
[Site "Chess.com"]
[Date "2024.01.30"]
[Round "1"]
[White "Chessdreamer2020"]
[Black "neri_gaite"]
[Result "1-0"]
[WhiteElo "2551"]
[BlackElo "2004"]
[TimeControl "180+1"]
[EndTime "14:03:36 PST"]
[Termination "Chessdreamer2020 won by resignation"]

1. e4 e6 2. d4 d5 3. exd5 exd5 4. Bd3 Bd6 5. h3 h6 6. Qf3 c6 7. Ne2 Qf6 8. Bf4 Bxf4 9. Qxf4 Qxf4 10. Nxf4 Nf6 11. O-O O-O 12. Re1 g5 13. Ne2 Be6 14. Ng3 Nbd7 15. Nd2 Rfe8 16. Re2 Nf8 17. Rae1 Ng6 18.
Bxg6 fxg6 19. Rxe6 Rxe6 20. Rxe6 Kf7 21. Re1 Re8 22. Rxe8 Nxe8 23. Nf3 Nd6 24. Ne5+ Kf6 25. b3 h5 26. f3 h4 27. Ne2 c5 28. Nd7+ Kf5 29.
Nxc5 b6 30. Nd3 Nb5 31. Kf2 Na3 32. c3 a5 33. Ke3 Nb5 34. Ne5 Nd6 35. Kd3 Nc8 1-0

[Event "Late-Titled-Tuesday-Blitz-January-30-2024"]
[Site "Chess.com"]
[Date "2024.01.30"]
[Round "1"]
[White "GasconJR"]
[Black "Horokoskii"]
[Result "1-0"]
[WhiteElo "2587"]
[BlackElo "2158"]
[TimeControl "180+1"]
[EndTime "14:03:44 PST"]
[Termination "GasconJR won by resignation"]

1. e4 e6 2. d4 d5 3. Nc3 Nf6 4. e5 Nfd7 5. f4 c5 6. Nf3 Nc6 7. Be3 a6 8. Qd2 b5 9. dxc5 Bxc5 10. Bd3 Qb6 11. Bf2 h6 12. O-O O-O 13. Kh1 Bxf2 14. Rxf2 b4 15. Na4 Qa5 16. b3 Nc5 17.
Nxc5 Qxc5 18. Raf1 a5 19. Nh4 Ba6 20. Rf3 a4 21.
Rg3 axb3 22. f5 Kh8 23. Rxg7 Bxd3 1-0

[Event "Late-Titled-Tuesday-Blitz-January-30-2024"]
[Site "Chess.com"]
[Date "2024.01.30"]
[Round "1"]
[White "LastHeroJr"]
[Black "jcibarra"]
[Result "0-1"]
[WhiteElo "2498"]
[BlackElo "2886"]
[TimeControl "180+1"]
[EndTime "14:03:54 PST"]
[Termination "jcibarra won by resignation"]

1. e4 c5 2. Nf3 Nf6 3. e5 Nd5 4. Nc3 e6 5. Nxd5 exd5 6. d4 Nc6 7. dxc5 Bxc5 8. Qxd5 Qb6 9. Bc4 Bxf2+ 10. Ke2 O-O 11.
Ng5 Nxe5 12. Qxe5 d5 13. Bd3 Bg4+ 14. Kf1 Rae8 15. Bxh7+ Kh8 16. Nxf7+ Kxh7 17. Ng5+ Kg6 0-1

[Event "Late-Titled-Tuesday-Blitz-January-30-2024"]
[Site "Chess.com"]
[Date "2024.01.30"]
[Round "1"]
[White "masnyszachistaaa"]
[Black "SmirnovTimofey2000"]
[Result "1-0"]
[WhiteElo "2547"]
[BlackElo "1945"]
[TimeControl "180+1"]
[EndTime "14:03:58 PST"]
[Termination "masnyszachistaaa won by checkmate"]

1. e4 e5 2. Nf3 Nf6 3. d4 Nxe4 4. dxe5 Bc5 5. Bc4 Nxf2 6. Bxf7+ Kxf7 7. Qd5+ Kg6 8.
Qxc5 Nxh1 9. Qd4 h6 10. Nc3 Re8 11. Qe4+ Kf7 12. Bxh6 d6 13. Ng5+ Kg8 14. Qh7+ Kf8 15.
Qxg7# 1-0

[Event "Late-Titled-Tuesday-Blitz-January-30-2024"]
[Site "Chess.com"]
[Date "2024.01.30"]
[Round "1"]
[White "dzilleruelo"]
[Black "djano"]
[Result "0-1"]
[WhiteElo "2312"]
[BlackElo "2634"]
[TimeControl "180+1"]
[EndTime "14:04:05 PST"]
[Termination "djano won by resignation"]

1. e4 c5 2. Nf3 Nc6 3. Bb5 e5 4. O-O Nge7 5. c3 g6 6. Re1 Bg7 7. Na3 O-O 8. Nc2 a6 9. Bf1 d5 10. d3 h6 11. h3 f5 12. exd5 Nxd5 13. Ne3 Nxe3 14. Bxe3 b6 15. Qb3+ Kh7 16. Rad1 Bb7 17. d4 Na5 18. Qa3 Bxf3 19. gxf3 f4 20. dxe5 Qg5+ 21.
Bg2 fxe3 22. Rxe3 Rad8 23. Rxd8 Rxd8 24. Qa4 b5 25. Qe4 Rd1+ 26. Kh2 Nc4 27. Re2 Bxe5+ 0-1

[Event "Late-Titled-Tuesday-Blitz-January-30-2024"]
[Site "Chess.com"]
[Date "2024.01.30"]
[Round "1"]
[White "jefferyx"]
[Black "valeriocarnicelli"]
[Result "1-0"]
[WhiteElo "3020"]
[BlackElo "2526"]
[TimeControl "180+1"]
[EndTime "14:04:12 PST"]
[Termination "jefferyx won by resignation"]

1. b4 Nf6 2. Bb2 g6 3. Bxf6 exf6 4. a3 d5 5. d4 a5 6. b5 Bd6 7. e3 O-O 8. Nd2 c6 9. c4 dxc4 10. Nxc4 Bc7 11. bxc6 Nxc6 12. Nf3 b5 13. Ncd2 b4 14. axb4 Nxb4 15. Bc4 f5 16. O-O Bb7 17. Nb3 f4 18. Nc5 Bxf3 19. Qxf3 Qd6 20. g3 fxe3 21. fxe3 Kg7 22.
Bxf7 Rae8 23. Bxe8 Rxf3 24. Rxf3 Nc2 25. Rc1 Nb4 26. Ne4 Qe6 27. Rxc7+ Kh6 28. Rxh7+ 1-0

[Event "Late-Titled-Tuesday-Blitz-January-30-2024"]
[Site "Chess.com"]
[Date "2024.01.30"]
[Round "1"]
[White "VladimirKramnik"]
[Black "betta2004"]
[Result "1-0"]
[WhiteElo "2939"]
[BlackElo "2512"]
[TimeControl "180+1"]
[EndTime "14:04:19 PST"]
[Termination "VladimirKramnik won by resignation"]

1. e4 c5 2. Nf3 g6 3. c3 d5 4. exd5 Qxd5 5. d4 Nc6 6. Na3 cxd4 7. Nb5 Qd8 8. Bf4 e5 9. Nxe5 Qe7 10. Qe2 Kd8 11. O-O-O Be6 12. Nxd4 Nxd4 13. Rxd4+ Kc8 14.
Nc6 bxc6 15. Qa6+ Qb7 16. Rd8+ 1-0

[Event "Late-Titled-Tuesday-Blitz-January-30-2024"]
[Site "Chess.com"]
[Date "2024.01.30"]
[Round "1"]
[White "tarno17"]
[Black "cristianserban1"]
[Result "1-0"]
[WhiteElo "2092"]
[BlackElo "2552"]
[TimeControl "180+1"]
[EndTime "14:04:24 PST"]
[Termination "tarno17 won by checkmate"]

1. e4 g6 2. d4 Bg7 3. Be3 c6 4. f4 d5 5. Nd2 dxe4 6. Nxe4 Nf6 7. Nxf6+ exf6 8. Nf3 O-O 9. Qd2 Re8 10. O-O-O Be6 11. a3 Nd7 12. h4 h5 13. Bd3 b5 14. f5 Bxf5 15. Bxf5 gxf5 16. Bh6 Nb6 17. Bxg7 Kxg7 18. Rh3 Qd5 19. Rg3+ Kh7 20. Ng5+ Kg7 21. Ne6+ Kh7 22. Rg7+ Kh8 23. Qh6# 1-0

[Event "Late-Titled-Tuesday-Blitz-January-30-2024"]
[Site "Chess.com"]
[Date "2024.01.30"]
[Round "1"]
[White "Iana_Shirova"]
[Black "reevecanada"]
[Result "1-0"]
[WhiteElo "2356"]
[BlackElo "2613"]
[TimeControl "180+1"]
[EndTime "14:04:29 PST"]
[Termination "Iana_Shirova won by checkmate"]

1. e4 c5 2. d4 cxd4 3. c3 dxc3 4. Nxc3 d6 5. Nf3 Nc6 6. Bc4 e6 7. O-O Nf6 8. Qe2 a6 9. Rd1 Qc7 10. Bf4 Be7 11. Rac1 Nh5 12. Be3 O-O 13. a4 Nf6 14.
Bd3 Nd7 15. b4 Qb8 16. b5 axb5 17. axb5 Nce5 18. Bb1 Nxf3+ 19. Qxf3 Ne5 20. Qh3 Bd7 21. f4 Nc4 22. e5 Rc8 23. Qxh7+ Kf8 24. Qh8# 1-0

[Event "Late-Titled-Tuesday-Blitz-January-30-2024"]
[Site "Chess.com"]
[Date "2024.01.30"]
[Round "1"]
[White "Russian_berezka"]
[Black "nikitadovbnya2008"]
[Result "1-0"]
[WhiteElo "2571"]
[BlackElo "2104"]
[TimeControl "180+1"]
[EndTime "14:04:36 PST"]
[Termination "Russian_berezka won by checkmate"]

1. e4 c6 2. Nf3 d5 3. exd5 cxd5 4. d4 Nc6 5. Bd3 Nf6 6. O-O Bg4 7. c3 e6 8. Bg5 Be7 9. Nbd2 O-O 10. h3 Bh5 11.
Re1 Bg6 12. Qe2 Rb8 13. Ne5 Bxd3 14. Qxd3 Nd7 15. Bxe7 Qxe7 16. f4 Ncxe5 17. fxe5 b5 18. b4 Nb6 19. Nb3 Nc4 20. Nc5 a5 21. bxa5 Nxa5 22.
a4 bxa4 23. Rxa4 Nb3 24. Na6 Rb6 25. Nb4 Rfb8 26. Rb1 Rxb4 27. Rxb4 Rxb4 28. cxb4 Qxb4 29. Rxb3 Qe1+ 30. Kh2 h5 31. Rb8# 1-0

[Event "Late-Titled-Tuesday-Blitz-January-30-2024"]
[Site "Chess.com"]
[Date "2024.01.30"]
[Round "1"]
[White "katharinareinecke"]
[Black "Rawnsdale"]
[Result "0-1"]
[WhiteElo "1976"]
[BlackElo "2550"]
[TimeControl "180+1"]
[EndTime "14:04:36 PST"]
[Termination "Rawnsdale won by resignation"]

1. d4 d5 2. c4 e6 3. Nf3 Be7 4. g3 Nf6 5. Bg2 O-O 6. O-O c6 7. b3 Nbd7 8. Bb2 b6 9. Nc3 Bb7 10. Rc1 Rc8 11. Re1 c5 12. cxd5 Nxd5 13. dxc5 Nxc5 14. Nxd5 Bxd5 15. e3 Bf6 16. Qe2 Bxb2 17. Qxb2 Nd3 18. Rxc8 Qxc8 19. Qd2 Nxe1 20. Nxe1 Bxg2 21. Nxg2 Rd8 22. Qe2 Qc1+ 23. Ne1 Rd2 24. Qb5 Qxe1+ 25. Kg2 Qxf2+ 26. Kh3 Qxh2+ 27. Kg4 h5+ 28. Kf4 Qf2+ 29. Ke4 Qf5+ 30. Qxf5 exf5+ 31. Kxf5 Rxa2 32. e4 Rb2 33. e5 Rxb3 34. e6 fxe6+ 35. Kxe6 a5 36. g4 hxg4 37. Kf5 g3 0-1

[Event "Late-Titled-Tuesday-Blitz-January-30-2024"]
[Site "Chess.com"]
[Date "2024.01.30"]
[Round "1"]
[White "vugarrasulov"]
[Black "2346PL"]
[Result "1-0"]
[WhiteElo "2949"]
[BlackElo "2514"]
[TimeControl "180+1"]
[EndTime "14:04:41 PST"]
[Termination "vugarrasulov won by resignation"]

1. e4 c5 2. Nf3 Nf6 3. Nc3 d5 4. exd5 Nxd5 5. Bb5+ Nc6 6. O-O Nxc3 7. bxc3 Bd7 8. d4 e6 9. Bg5 Qa5 10. Rb1 h6 11. Bh4 a6 12. Bxc6 Bxc6 13. Ne5 Bd6 14. Nxc6 bxc6 15. Qg4 g5 16. Bg3 Be7 17. Be5 O-O 18.
Rb7 Rfe8 19. Qh5 cxd4 20. cxd4 f6 21. Qg6+ 1-0

[Event "Late-Titled-Tuesday-Blitz-January-30-2024"]
[Site "Chess.com"]
[Date "2024.01.30"]
[Round "1"]
[White "Akhayan"]
[Black "varunkrishnanchess"]
[Result "1-0"]
[WhiteElo "2357"]
[BlackElo "2628"]
[TimeControl "180+1"]
[EndTime "14:04:44 PST"]
[Termination "Akhayan won by resignation"]

1. e4 c5 2. Nf3 d6 3. d4 cxd4 4. Nxd4 Nf6 5. Nc3 g6 6. f4 Bg7 7. e5 dxe5 8. fxe5 Ng4 9. Bb5+ Kf8 10. Ne6+ fxe6 11. Qxd8+ Kf7 12. O-O+ Nf6 13. Qd1 a6 14. exf6 Bxf6 15. Bc4 Nc6 16. Bg5 Rd8 17. Qf3 Nd4 18. Qh3 Kg7 19. Qh6+ Kg8 20. Rxf6 exf6 21. Bxf6 Nf5 22. Qh3 Rf8 23. Ne4 Bd7 24.
Be5 Rac8 25. Bb3 Bc6 26. Bxe6+ Rf7 27. Nf6+ Kf8 28. Bxc8 Re7 29. Bxf5 Rxe5 1-0

[Event "Late-Titled-Tuesday-Blitz-January-30-2024"]
[Site "Chess.com"]
[Date "2024.01.30"]
[Round "1"]
[White "Seochesspie"]
[Black "Truequitos"]
[Result "1-0"]
[WhiteElo "2857"]
[BlackElo "2486"]
[TimeControl "180+1"]
[EndTime "14:04:47 PST"]
[Termination "Seochesspie won by resignation"]

1. e4 e6 2. d4 d5 3. exd5 exd5 4. Bd3 c5 5. Nf3 Nf6 6. O-O Be7 7. dxc5 O-O 8. Be3 Nbd7 9. Nc3 Nxc5 10. h3 Re8 11. Re1 Nce4 12. Bd4 Bf5 13. Ne2 Bg6 14. Nf4 Bf8 15.
Nxg6 hxg6 16. c3 Qd6 17. Qc2 Qf4 18. Re2 Nc5 19. Rae1 Nxd3 20. Qxd3 Ne4 21. Be3 Qf5 22. Rd1 Rad8 23. Bxa7 Ng3 24. Rxe8 1-0

[Event "Late-Titled-Tuesday-Blitz-January-30-2024"]
[Site "Chess.com"]
[Date "2024.01.30"]
[Round "1"]
[White "NowInChess"]
[Black "rookoco"]
[Result "1-0"]
[WhiteElo "2297"]
[BlackElo "2602"]
[TimeControl "180+1"]
[EndTime "14:04:52 PST"]
[Termination "NowInChess won by resignation"]

1. e4 c5 2. d3 d6 3. g3 g6 4. Bg2 Bg7 5. f4 Nc6 6. Nf3 e6 7. O-O Nge7 8. c3 b5 9. Be3 b4 10. d4 Ba6 11. Re1 bxc3 12. bxc3 O-O 13. dxc5 d5 14. e5 Qa5 15. Bd4 Rab8 16. Nbd2 Nf5 17. Nb3 Qa4 18. Nbd2 Qa3 19. Nb3 Rfc8 20. Bf1 Bxf1 21.
Rxf1 Ncxd4 22. cxd4 Ne3 23. Qc1 Nxf1 24. Qxa3 Ne3 25.
Qxa7 Nc2 26. Rc1 Nb4 27. Ng5 Rf8 28. c6 1-0

[Event "Late-Titled-Tuesday-Blitz-January-30-2024"]
[Site "Chess.com"]
[Date "2024.01.30"]
[Round "1"]
[White "traviscottofficial"]
[Black "melissa_guez"]
[Result "1-0"]
[WhiteElo "2607"]
[BlackElo "2253"]
[TimeControl "180+1"]
[EndTime "14:04:54 PST"]
[Termination "traviscottofficial won by resignation"]

1. d4 d5 2. c4 c6 3. Nc3 Nf6 4. e3 Bg4 5. Qb3 Qb6 6. cxd5 Qxb3 7.
axb3 Nxd5 8. Nxd5 cxd5 9. Bd2 e6 10. Ne2 Bd6 11. Nc3 Nc6 12. Nb5 Kd7 13. Nxd6 Kxd6 14. Bd3 Bf5 15. Bxf5 exf5 16. Ke2 Rhe8 17. Kd3 Re4 18.
Rhc1 f4 19. b4 fxe3 20. fxe3 Rae8 21. b5 Ne7 22. Rxa7 b6 23. Rb7 f5 24. Rxb6+ Kd7 25.
Rb7+ Ke6 26. b6 f4 27. exf4 Nf5 28. Rc6+ Nd6 29. Rxg7 1-0

[Event "Late-Titled-Tuesday-Blitz-January-30-2024"]
[Site "Chess.com"]
[Date "2024.01.30"]
[Round "1"]
[White "penguingm1"]
[Black "Orest_Vovk"]
[Result "1-0"]
[WhiteElo "2881"]
[BlackElo "2498"]
[TimeControl "180+1"]
[EndTime "14:04:58 PST"]
[Termination "penguingm1 won by resignation"]

1. d4 h6 2. c4 g5 3. h4 g4 4.
h5 g3 5. f3 Bg7 6. Nc3 c5 7. d5 Bxc3+ 8. bxc3 Qa5 9. e4 Qxc3+ 10. Bd2 Qd4 11. Nh3 d6 12. Qc1 Bxh3 13. Be3 Qe5 14.
Rxh3 Nf6 15. Bf4 Qd4 16. Bxg3 Nbd7 17. Rb1 Ne5 18. Bf2 Qd3 19. Rb3 1-0

[Event "Late-Titled-Tuesday-Blitz-January-30-2024"]
[Site "Chess.com"]
[Date "2024.01.30"]
[Round "1"]
[White "GlavkonVVS"]
[Black "AungTZ"]
[Result "1-0"]
[WhiteElo "2567"]
[BlackElo "2075"]
[TimeControl "180+1"]
[EndTime "14:04:58 PST"]
[Termination "GlavkonVVS won by resignation"]

1. Nf3 d5 2. c4 e6 3. d4 Nf6 4. Nc3 Be7 5. Bg5 O-O 6. e3 Ne4 7. Bxe7 Qxe7 8. Nxe4 dxe4 9. Nd2 f5 10. c5 a5 11. Nc4 b6 12. cxb6 cxb6 13. Qb3 Nd7 14. Be2 Ba6 15. O-O Kh8 16. Rfc1 Rab8 17. Bf1 h6 18.
Ne5 Nxe5 19. Bxa6 Ng4 20. h3 Nf6 21. Rc6 e5 22. Re6 Qa7 23. dxe5 Nd7 24. Re7 Qxa6 25.
Rxd7 f4 26. exf4 Rxf4 27. Qg3 1-0

[Event "Late-Titled-Tuesday-Blitz-January-30-2024"]
[Site "Chess.com"]
[Date "2024.01.30"]
[Round "1"]
[White "koncheto"]
[Black "rasmussvane"]
[Result "0-1"]
[WhiteElo "2516"]
[BlackElo "2957"]
[TimeControl "180+1"]
[EndTime "14:04:59 PST"]
[Termination "rasmussvane won by resignation"]

1. e4 c6 2. d4 d5 3. Nc3 dxe4 4.
Nxe4 Nf6 5. Nxf6+ exf6 6. c3 Bd6 7. Bd3 O-O 8. Ne2 Re8 9. O-O Nd7 10. Ng3 g6 11.
Ne4 Be7 12. Re1 f5 13. Ng3 Nf8 14.
Bd2 Be6 15. Qc2 Bd6 16. Rad1 Qc7 17. c4 Rad8 18. Bc3 h5 19. Nf1 Nh7 20. Re2 Bf8 21. Ree1 Bg7 22. Be2 Rd7 23. Rd2 Red8 24. Red1 Bh6 25. Ne3 f4 26. Nf1 f3 27. Bxf3 Bxc4 28.
b3 Bxd2 29. Nxd2 Bd5 30. Ne4 Re8 31. Bd2 Rde7 32. Ng5 Nxg5 33. Bxd5 cxd5 34. Qxc7 Rxc7 35. Bxg5 Re2 0-1